Map: Moondance

Players

Clem

  • Race: Terran Terran
  • Spawn Location: 12:00

Bunny - Winner!

  • Race: Terran Terran
  • Spawn Location: 6:00

Event: DreamHack SC2 Masters 2022 Atlanta (Offline)

VOD

Have the link to the VOD?

Description

Time

  • Played on: Nov. 19, 2022, 11:41 a.m.
  • Length: 16:35

All games in this series

Show
View Real Time Build Order
Export as new Build Order

Clem Terran 

Build Orders:  

Get SALT Encoding   

  12  0:00  SCV  
  13  0:12  SCV  
  14  0:16  Supply Depot  
  14  0:24  SCV  
  15  0:38  SCV  
  15  0:39  Barracks  
  16  0:43  Refinery  
  16  0:50  SCV  
  16  0:52  Refinery  
  17  1:02  SCV  
  18  1:14  SCV  
  19  1:26  Reaper  
  19  1:27  Orbital Command  
  19  1:31  Supply Depot  
  20  1:41  Factory  
  20  1:52  SCV  
  21  1:59  Reaper  
  22  2:04  SCV  
  23  2:18  Command Center  
  23  2:21  SCV  
  24  2:28  Hellion  
  26  2:31  Reaper  
  26  2:33  SCV  
  28  2:38  Supply Depot  
  28  2:46  SCV  
  28  2:48  Starport  
  29  2:53  Widow Mine  
  31  3:00  SCV  
  31  3:05  Barracks Reactor  
  32  3:12  SCV  
  33  3:16  Factory Tech Lab  
  31  3:24  SCV  
  31  3:30  Orbital Command  
  34  3:34  Siege Tank  
  34  3:36  SCV  
  34  3:37  Refinery  
  34  3:41  Marine x2  
  35  3:47  Medivac  
  39  3:48  SCV  
  39  3:53  Supply Depot  
  41  3:55  SCV  
  41  3:59  Marine x2  
  41  4:01  SCV  
  44  4:07  SCV  
  45  4:14  SCV  
  45  4:16  Supply Depot, Factory Tech Lab  
  46  4:19  SCV  
  46  4:22  Marine x2  
  49  4:24  Raven  
  49  4:26  SCV  
  52  4:36  Cyclone  
  54  4:39  Marine  
  54  4:40  SCV  
  54  4:41  SCV  
  54  4:44  Marine  
  57  4:52  SCV  
  52  4:53  SCV  
  52  4:59  Command Center  
  53  5:03  Marine x2  
  53  5:04  SCV  
  53  5:06  SCV  
  57  5:09  Raven  
  57  5:13  Supply Depot  
  59  5:16  SCV  
  59  5:19  Siege Tank  
  59  5:20  SCV  
  63  5:28  Supply Depot  
  63  5:34  Marine x2  
  63  5:35  SCV  
  66  5:36  SCV  
  66  5:39  Refinery  
  66  5:47  SCV  
  66  5:49  SCV  
  66  5:52  Siege Tank, Marine x2  
  66  5:55  Raven  
  72  5:59  SCV  
  72  6:01  SCV  
  74  6:05  Barracks  
  74  6:10  Supply Depot, Barracks, Marine  
  75  6:11  Orbital Command  
  75  6:20  SCV  
  75  6:21  SCV  
  77  6:27  Siege Tank  
  80  6:33  SCV x2  
  80  6:39  SCV  
  83  6:42  Engineering Bay x2  
  83  6:45  SCV x2  
  85  6:49  Marine  
  85  6:51  SCV  
  85  6:52  Stimpack  
  77  6:54  Viking x2  
  77  6:57  SCV  
  77  6:58  Barracks Reactor  
  77  6:59  Supply Depot, Barracks Reactor  
  77  7:00  SCV  
  83  7:03  SCV  
  83  7:05  Siege Tank  
  87  7:09  Supply Depot, SCV  
  87  7:12  SCV  
  87  7:14  Refinery  
  87  7:15  Terran Infantry Weapons Level 1  
  89  7:16  SCV  
  89  7:17  Terran Infantry Armor Level 1  
  89  7:21  Supply Depot, SCV  
  91  7:24  SCV  
  91  7:28  SCV  
  93  7:30  Viking  
  93  7:32  Viking  
  93  7:36  Marine  
  96  7:45  Marine  
  96  7:47  Siege Tank  
  96  7:48  Command Center  
  96  7:49  Marine  
  101  7:55  Marine  
  101  7:57  Marine x2  
  101  8:00  Barracks x2  
  101  8:03  Viking, Marine  
  99  8:06  Viking  
  99  8:09  Marine  
  98  8:13  Marine  
  98  8:15  Marine  
  98  8:16  Marine  
  89  8:20  Marine  
  89  8:25  Supply Depot, Armory  
  90  8:27  Marine  
  90  8:30  Marine  
  90  8:31  Combat Shield, Siege Tank  
  90  8:33  Marine  
  96  8:34  Marine  
  96  8:35  Liberator  
  96  8:38  Marine  
  96  8:40  Medivac  
  103  8:44  Supply Depot  
  103  8:45  Marine  
  103  8:47  SCV  
  103  8:48  SCV, Marine  
  106  8:49  Barracks Reactor x2  
  106  8:50  Marine  
  106  8:52  Marine  
  109  8:56  Marine  
  109  8:59  SCV  
  109  9:02  SCV, Marine  
  109  9:04  Siege Tank  
  109  9:06  Marine  
  109  9:08  Marine  
  107  9:10  Marine  
  107  9:12  SCV  
  107  9:14  Marine  
  107  9:20  Marine  
  107  9:24  Marine  
  108  9:26  Viking, Marine  
  108  9:27  Viking  
  108  9:28  Marine  
  108  9:30  Marine  
  102  9:32  Marine  
  102  9:34  Marine  
  102  9:35  Marine x2  
  102  9:38  Marine  
  86  9:41  SCV x2  
  86  9:42  Marine  
  86  9:44  Marine  
  86  9:45  Siege Tank, Marine  
  94  9:48  Factory  
  95  9:54  SCV x3  
  95  9:55  Terran Vehicle Weapons Level 1  
  95  9:59  Terran Infantry Weapons Level 2  
  98  10:03  Marine x4  
  98  10:06  SCV x2  
  105  10:07  SCV  
  105  10:12  Planetary Fortress  
  104  10:15  Barracks Reactor  
  104  10:18  SCV, Marine x2  
  104  10:19  Marine x2  
  109  10:22  Terran Infantry Armor Level 2  
  109  10:25  SCV  
  109  10:26  SCV  
  111  10:28  Refinery  
  111  10:30  Refinery  
  111  10:32  Siege Tank  
  111  10:34  Marine x4  
  118  10:36  SCV  
  118  10:40  Siege Tank, Marine  
  118  10:41  Marine x2  
  125  10:42  Marine  
  120  10:58  Marine x3  
  120  11:00  Marine x2  
  120  11:01  Marine  
  120  11:02  Marine x2  
  120  11:03  SCV x2  
  120  11:04  SCV, Siege Tank  
  125  11:07  SCV  
  125  11:10  Sensor Tower, Marine  
  128  11:11  Marine  
  128  11:15  Siege Tank  
  128  11:16  Marine  
  128  11:17  Marine x2  
  125  11:22  SCV  
  115  11:26  Marine  
  115  11:27  Marine x4  
  115  11:28  Marine  
  115  11:29  Marine  
  115  11:32  SCV x2  
  109  11:34  SCV, Marine x2  
  109  11:35  SCV, Marine  
  109  11:36  Siege Tank  
  117  11:42  Medivac  
  117  11:43  Medivac  
  117  11:44  Marine  
  117  11:45  Marine x4  
  117  11:46  SCV, Marine  
  126  11:47  Marine  
  126  11:50  SCV  
  126  11:52  Marine  
  129  11:55  Siege Tank  
  129  11:56  SCV x2  
  129  11:58  SCV  
  135  12:01  Marine  
  135  12:02  Marine x3  
  135  12:03  Marine x2  
  135  12:04  Marine  
  135  12:05  Marine  
  135  12:08  Supply Depot  
  143  12:09  Marine x2  
  145  12:15  Medivac  
  145  12:17  Supply Depot  
  145  12:19  Marine  
  148  12:26  Terran Infantry Weapons Level 3  
  148  12:29  Medivac, Marine x3  
  156  12:30  Siege Tank  
  156  12:32  Marine  
  156  12:33  Siege Tank, Marine x2  
  156  12:36  Marine  
  128  12:44  Marine  
  128  12:45  Marine x2  
  128  12:47  Marine x3  
  128  12:50  Marine x2  
  116  12:51  Marine  
  116  12:54  Marine  
  116  12:55  Orbital Command  
  115  13:02  Siege Tank, Marine x2  
  115  13:03  Marine  
  115  13:05  Marine x2  
  122  13:06  SCV x3  
  122  13:10  Siege Tank, Marine  
  122  13:11  Marine  
  122  13:12  Marine  
  122  13:15  Marine  
  122  13:18  SCV x2  
  122  13:21  Viking  
  124  13:27  Armory, Marine  
  124  13:28  SCV  
  124  13:29  SCV  
  124  13:30  SCV  
  124  13:33  SCV  
  129  13:39  Supply Depot x2  
  129  13:45  Siege Tank  
  129  13:46  SCV  
  133  13:49  SCV  
  133  13:51  SCV x2  
  136  13:58  Siege Tank, Marine x3  
  136  14:02  SCV  
  142  14:04  Viking  
  142  14:08  Viking  
  142  14:09  SCV, Marine  
  148  14:12  SCV  
  147  14:23  Sensor Tower  
  147  14:24  SCV x2  
  147  14:26  SCV  
  147  14:31  Marine x2  
  123  14:32  Marine x8  
  123  14:35  SCV  
  123  14:36  SCV  
  122  14:42  Siege Tank  
  123  14:47  Siege Tank  
  123  14:48  Marine  
  123  14:49  Marine x2  
  123  14:50  Marine x6  
  123  14:51  SCV  
  135  15:00  Marine  
  135  15:06  Marine x2  
  138  15:10  Marine  
  138  15:14  Siege Tank  
  142  15:19  Siege Tank, Marine x2  
  142  15:20  Marine  
  142  15:21  Marine x2  
  129  15:24  Viking  
  129  15:25  Marine x4  
  128  15:28  Marine  
  129  15:37  Marine x2  
  129  15:41  Marine  
  129  15:42  Marine x2  
  134  15:43  Marine x4  
  134  15:46  Viking, Siege Tank  
  143  15:55  Siege Tank, Marine x3  
  146  15:59  Marine  
  146  16:03  Marine x3  
  128  16:06  Marine  
  128  16:08  Marine x2  
  131  16:13  Marine  
  131  16:14  Marine  
  131  16:16  Marine  
Show
View Real Time Build Order
Export as new Build Order

Bunny Terran - Winner!

Build Orders: Cyclone Opening 

Get SALT Encoding   

  12  0:00  SCV  
  13  0:12  SCV  
  14  0:17  Supply Depot  
  14  0:24  SCV  
  15  0:38  SCV  
  15  0:40  Barracks  
  16  0:43  Refinery  
  16  0:50  SCV  
  16  0:52  Refinery  
  17  1:03  SCV  
  18  1:15  SCV  
  19  1:27  Reaper, Orbital Command  
  19  1:31  Supply Depot  
  20  1:40  Factory  
  20  1:52  SCV  
  21  1:59  Reaper  
  22  2:04  SCV  
  23  2:18  Command Center, SCV  
  24  2:23  Factory Tech Lab  
  24  2:27  Supply Depot  
  24  2:30  SCV  
  24  2:32  Barracks Reactor  
  25  2:42  Cyclone  
  25  2:43  SCV  
  29  2:55  SCV  
  30  3:02  Starport  
  30  3:07  SCV  
  30  3:08  Marine x2  
  33  3:19  SCV  
  34  3:22  Cyclone  
  34  3:26  Marine x2  
  37  3:27  Refinery  
  37  3:31  SCV, Orbital Command  
  38  3:40  Medivac  
  40  3:43  SCV, Marine x2  
  43  3:55  SCV  
  44  3:57  SCV  
  44  3:58  Siege Tank  
  44  4:01  Supply Depot  
  44  4:02  Marine  
  49  4:05  Marine  
  49  4:08  SCV  
  49  4:09  SCV  
  52  4:11  Starport Tech Lab  
  52  4:20  SCV  
  52  4:21  SCV  
  52  4:22  Supply Depot  
  52  4:23  Marine x2  
  56  4:29  Raven  
  58  4:33  SCV x2  
  59  4:41  Marine x2  
  61  4:49  Siege Tank  
  61  4:50  SCV  
  61  4:51  SCV  
  63  4:55  Command Center  
  63  4:59  Refinery  
  63  5:01  Marine x2  
  63  5:03  SCV x2  
  67  5:10  Supply Depot  
  67  5:17  Raven  
  69  5:23  Marine  
  70  5:30  Supply Depot  
  70  5:31  Siege Tank, Marine  
  70  5:32  SCV x2  
  75  5:42  Marine  
  76  5:44  SCV x2  
  76  5:49  Marine  
  75  5:56  SCV x2  
  72  6:02  Barracks  
  72  6:03  Barracks  
  72  6:05  Siege Tank  
  72  6:08  Engineering Bay  
  72  6:09  Engineering Bay  
  72  6:10  SCV  
  72  6:11  SCV, Orbital Command  
  77  6:13  Refinery  
  77  6:23  SCV x2  
  77  6:25  Marine  
  80  6:27  Viking x2  
  80  6:28  Stimpack  
  84  6:35  SCV x2  
  84  6:37  Siege Tank  
  84  6:38  SCV  
  89  6:54  SCV x3  
  89  6:55  Barracks Reactor x2  
  89  6:57  Barracks x2, Viking x2  
  89  6:59  Marine  
  97  7:02  Terran Infantry Armor Level 1, Terran Infantry Weapons Level 1  
  97  7:04  Supply Depot  
  97  7:05  Supply Depot  
  97  7:07  SCV x2  
  100  7:08  SCV  
  100  7:18  Supply Depot  
  100  7:21  Missile Turret  
  100  7:26  Siege Tank  
  100  7:29  Liberator  
  104  7:32  Viking  
  104  7:34  SCV x3  
  101  7:40  Marine x3  
  104  7:45  Barracks  
  104  7:46  Barracks x2, SCV x3  
  107  7:58  Siege Tank, Marine x3  
  111  8:03  Medivac  
  113  8:12  Medivac  
  102  8:15  Marine  
  102  8:16  Marine x2  
  102  8:18  SCV x3  
  99  8:21  Combat Shield  
  99  8:27  Armory  
  99  8:33  Marine  
  99  8:34  Marine x2  
  101  8:35  Siege Tank  
  101  8:37  Barracks Reactor x2  
  101  8:39  SCV x3  
  108  8:48  Barracks Reactor  
  108  8:50  Command Center  
  108  8:51  Marine x2  
  108  8:52  Medivac, Marine  
  113  9:09  Marine x3  
  111  9:14  Siege Tank  
  111  9:16  Marine x4  
  115  9:17  SCV x2  
  115  9:21  Supply Depot x2  
  117  9:25  Supply Depot x2, SCV  
  117  9:26  Supply Depot x2  
  117  9:27  Marine x3  
  105  9:32  Marine x2  
  105  9:34  Marine  
  95  9:38  Marine  
  95  9:39  Marine x2  
  95  9:44  SCV x3, Marine  
  95  9:45  Marine x2  
  102  9:46  Siege Tank  
  102  9:49  Terran Infantry Weapons Level 2  
  102  9:50  Terran Infantry Armor Level 2, Marine x2  
  102  9:52  Marine  
  106  9:56  SCV x3  
  109  10:00  Marine x3  
  109  10:02  Marine  
  109  10:03  Planetary Fortress, Marine x2  
  109  10:06  Sensor Tower  
  115  10:08  Marine x2  
  115  10:09  Marine  
  118  10:14  Refinery x2, SCV x3  
  118  10:18  Siege Tank, Marine  
  118  10:20  Medivac  
  127  10:28  Medivac  
  127  10:29  Marine x4  
  127  10:32  Marine x4  
  137  10:37  Supply Depot  
  137  10:38  Supply Depot  
  137  10:39  Marine  
  138  10:47  Marine x4  
  142  10:50  Siege Tank, Marine  
  142  10:52  Marine x3  
  142  10:57  Marine  
  144  10:59  Medivac  
  144  11:00  Medivac  
  133  11:05  Factory, Marine x4  
  133  11:07  Marine  
  133  11:10  Marine x2  
  140  11:15  Marine x2  
  139  11:22  Siege Tank, Marine  
  139  11:23  Marine x2  
  140  11:29  Medivac, Marine x4  
  140  11:30  Medivac  
  124  11:33  Marine x2  
  124  11:39  Barracks  
  121  11:40  Barracks, Marine, Starport x2  
  121  11:41  Barracks, Marine x2  
  121  11:47  Marine x2  
  124  11:49  Marine x2  
  124  11:50  Marine  
  124  11:51  Marine  
  124  11:52  Terran Vehicle Weapons Level 1  
  130  11:54  Siege Tank  
  130  11:59  Medivac x2  
  137  12:04  Command Center  
  137  12:05  Marine x5  
  142  12:09  Marine  
  142  12:10  Marine  
  142  12:11  Factory Tech Lab  
  144  12:17  Marine x2  
  146  12:23  Starport Tech Lab x2, Marine x5  
  151  12:31  Siege Tank  
  151  12:33  Marine x5  
  151  12:34  Marine  
  151  12:35  Marine  
  157  12:38  Siege Tank  
  157  12:41  Marine x3  
  157  12:44  Marine x2  
  157  12:51  Marine x5  
  116  12:59  Marine x5  
  116  13:01  Marine  
  116  13:02  Marine  
  116  13:08  Marine  
  116  13:09  Marine x3  
  116  13:12  Siege Tank  
  119  13:17  Marine x2  
  119  13:19  Siege Tank  
  124  13:24  Planetary Fortress  
  124  13:27  Marine  
  118  13:28  Marine  
  118  13:30  Marine  
  118  13:33  Marine x2  
  123  13:38  Marine  
  124  13:44  Siege Tank, Marine x4  
  124  13:48  Marine x2  
  132  13:50  Marine x2  
  132  13:52  Raven  
  132  13:55  Raven  
  138  14:04  Marine  
  138  14:05  Marine x7  
  138  14:06  Marine x2  
  148  14:11  Siege Tank  
  148  14:17  Siege Tank, Marine  
  147  14:18  Marine  
  147  14:22  Marine  
  137  14:34  Marine x7  
  137  14:35  Marine x2  
  137  14:36  Marine x2  
  140  14:42  Marine  
  140  14:43  Siege Tank  
  140  14:44  Raven  
  144  14:50  Medivac x2  
  144  14:51  Raven, Marine  
  144  14:52  Marine x4  
  149  14:56  Corvid Reactor  
  150  15:00  SCV  
  150  15:06  Siege Tank  
  153  15:08  Marine  
  153  15:09  Marine x4  
  153  15:11  Marine  
  153  15:12  SCV  
  160  15:19  Marine x4  
  160  15:20  Marine x2  
  140  15:24  SCV  
  140  15:25  Medivac x2  
  140  15:26  SCV, Marine  
  140  15:27  Marine  
  148  15:32  Raven  
  148  15:34  Raven  
  148  15:35  Marine x3  
  153  15:36  SCV  
  153  15:39  Marine  
  153  15:40  Marine x2  
  159  15:55  Marine x9  
  167  15:57  Marine x2  
  154  16:07  Marine  
Tags
 
Add a new tag
Caveats
  • Supply blocks, unpowered buildings, or Contaminate may cause inaccurate times.
  • Supply counts are checked every 10 seconds.